 Dungeon Crawl Stone Soup version 0.20-a0-277-g7db01f4 (webtiles) character file.

195 shenanigans the Skirmisher (level 6, -3/47 HPs)
             Began as a Human Skald on Dec 13, 2016.
             Slain by a gnoll
             ... wielding a +0 halberd
              (8 damage)
             ... on level 3 of the Dungeon.
             The game lasted 00:06:50 (4196 turns).

shenanigans the Skirmisher (Human Skald)            Turns: 4196, Time: 00:06:51

Health: -3/47      AC:  9    Str: 13    XL:     6   Next: 4%
Magic:  9/9        EV:  6    Int: 13    God:
Gold:   256        SH:  0    Dex: 13    Spells: 8/9 levels left

rFire  . . .     SeeInvis .     f - +1 flail (crush)
rCold  . . .     Gourm    .     x - +0 chain mail
rNeg   . . .     Faith    .     (no shield)
rPois  .         Spirit   .     (no helmet)
rElec  .         Reflect  .     (no cloak)
rCorr  .         Harm     .     (no gloves)
MR     .....                    (no boots)
Stlth  ..........               (no amulet)
                                (no ring)
                                (no ring)

@: no status effects
A: no striking features
a: no special abilities


You were on level 3 of the Dungeon.
You were very hungry.

You visited 1 branch of the dungeon, and saw 4 of its levels.

You collected 256 gold pieces.

Inventory:

Hand Weapons
 a - a +0 hand axe
 f - a +1 flail of crushing (weapon)
Armour
 b - a +0 leather armour
 r - a +0 ring mail
 u - a +0 scale mail
 x - a +0 chain mail (worn)
Wands
 n - a wand of flame (14/48)
Scrolls
 e - 6 scrolls of identify {unknown}
 g - a scroll of teleportation {unknown}
 k - a scroll of magic mapping {unknown}
 l - a scroll of amnesia {unknown}
 m - 2 scrolls of immolation {unknown}
 p - 3 scrolls of remove curse {unknown}
 s - a scroll of enchant weapon {unknown}
 w - 3 scrolls of fear {unknown}
Potions
 h - a potion of invisibility {unknown}
 i - a potion of agility {unknown}
 j - a potion of heal wounds {unknown}
 o - a potion of ambrosia {unknown}
 q - 2 potions of magic {unknown}
 t - a potion of haste {unknown}
Books
 c - a book of Battle

   Spells                             Type                      Level
   a - Infusion                       Charms                       1
   b - Shroud of Golubria             Charms/Translocation         2
   c - Song of Slaying                Charms                       2
   d - Spectral Weapon                Hexes/Charms                 3
   e - Regeneration                   Charms/Necromancy            3
Comestibles
 d - 2 bread rations
 v - a meat ration


   Skills:
 + Level 3.3 Fighting
 + Level 3.1 Axes
 + Level 2.8 Armour
 + Level 2.8 Dodging
 - Level 2.0 Spellcasting
 - Level 3.0 Charms


You had 8 spell levels left.
You knew the following spells:

 Your Spells              Type           Power        Failure   Level  Hunger
a - Infusion              Chrm           #...         99%         1    ##.....


Dungeon Overview and Level Annotations

Branches:
Dungeon (4/15)
 Temple: D:4-7

Altars:
Makhleb


Message History

The gnoll hits you but does no damage.
Your chain mail prevents you from hitting the gnoll.
The gnoll is almost dead.
The gnoll hits you but does no damage. The gnoll barely misses you.
You closely miss the gnoll.
The gnoll is almost dead.
The gnoll hits you. The gnoll barely misses you.
You hit the gnoll.
You kill the gnoll!
You have reached level 6!
Your experience leads to an increase in your attributes!
Increase (S)trength, (I)ntelligence, or (D)exterity?
You feel clever. The gnoll hits you with a halberd.
* * * LOW HITPOINT WARNING * * *
You closely miss the gnoll. The gnoll hits you with a halberd!
* * * LOW HITPOINT WARNING * * *
You closely miss the gnoll. The gnoll hits you but does no damage.
The gnoll hits you from afar with a halberd!
You die...

############
#..........#
#.########.#########
#.# #(......... #.#
##########.
##############g########
#.
.............<.>@.....#
#.
#.###.#####.#########.#
#. #.###.## #.#
#.######## #. #.##...##
#.# #........# #.
#.......###.#
########.# #.
#........##.# #.# #.
#.........#.# #.# #.
#........##.# #.# #.
#.......###.# #.# #.


You could see a gnoll.

Vanquished Creatures
  An iguana (D:4)
  An orc wizard (D:3)
  A worker ant (D:4)
  2 gnolls (D:3)
  2 adders (D:2)
  4 worms
  3 dart slugs
  2 orcs (D:3)
  2 ball pythons (D:2)
  A giant cockroach (D:2)
  6 goblins
  9 hobgoblins
  7 jackals
  3 quokkas
  4 bats
  A frilled lizard (D:2)
  8 kobolds
  10 rats
67 creatures vanquished.

Notes
Turn   | Place    | Note
-------+----------+-------------------------------------------
     0 | D:1      | shenanigans the Human Skald began the quest for the Orb.
     0 | D:1      | Reached XP level 1. HP: 16/16 MP: 3/3
    59 | D:1      | Reached XP level 2. HP: 22/22 MP: 5/5
   573 | D:1      | Reached XP level 3. HP: 27/27 MP: 6/6
  1699 | D:2      | Reached XP level 4. HP: 30/34 MP: 2/7
  2379 | D:3      | Found a burning altar of Makhleb.
  2971 | D:3      | Reached XP level 5. HP: 3/41 MP: 8/8
  3027 | D:3      | HP: 2/41 [quokka (2)]
  3032 | D:3      | HP: 1/41 [quokka (2)]
  4193 | D:3      | Reached XP level 6. HP: 19/47 MP: 9/9
  4196 | D:3      | Slain by a gnoll

Vault maps used:
D:1:      scummos_arrival_forest, minmay_tromino_i2
D:2:      dk_noncrumbling_4
D:3:      marbit_many_paths, first_bread
D:4:      minitemple

Skill      XL: |  1  2  3  4  5 |
---------------+----------------+-----
Dodging        | 2 |  2.8
Armour         | 2 |  2.8
Fighting       | 3 |  3.3
Axes           | 3 |  3.1
Spellcasting   | |  2.0
Charms         | |  3.0

Action                   |  1- 3 |  4- 6 || total
-------------------------+-------+-------++-------
Melee: Hand axe          |   136 |   182 ||   318
       Flail             |       |    35 ||    35
 Cast: Infusion          |     1 |       ||     1
  Use: Potion            |       |     2 ||     2
  Eat: Chunk             |     2 |     2 ||     4
       Bread ration      |       |     1 ||     1
       Pizza             |       |     1 ||     1
Armor: Leather armour    |    38 |     9 ||    47
       Chain mail        |       |    71 ||    71
       Scale mail        |       |    14 ||    14
       Ring mail         |       |     4 ||     4
Dodge: Dodged            |    83 |    88 ||   171
